[Event "Titled Tuesday Blitz August 08 Late 2023"]
[White "Khanin, Semen"]
[Black "Tworuszka, Michal"]
[WhiteFideId "4111990"]
[BlackFideId "1117858"]
[WhiteElo "2891"]
[BlackElo "2488"]
[Result "1-0"]
[Round "1"]
[TimeControl "180+1"]
[Date "2023.08.08"]
[WhiteClock "0:00:12"]
[BlackClock "0:00:13"]
[Board "28"]

1. e4 c5 2. Nf3 e6 3. c3 Nf6 4. e5 Nd5 5. d4 cxd4 6. cxd4 b6 7. Bc4 Ba6 8. Bxd5 exd5 9. Nc3 Bb4 10. Bg5 Qc8 11. Rc1 Nc6 12. a3 Bxc3+ 13. Rxc3 O-O 14. Qd2 Re8 15. Kd1 Re6 16. h4 Bb5 17. h5 h6 18. Bf4 Qa6 19. Kc1 Bc4 20. Nh4 b5 21. Nf5 b4 22. Rg3 bxa3 23. Rxg7+ Kf8 24. Rg3 axb2+ 25. Qxb2 Rb8 26. Qa3+ Qxa3+ 27. Rxa3 Nb4 28. Bxh6+ Kg8 29. Rhh3 Kh7 30. Bd2 Na2+ 31. Kd1 Rb1+ 32. Kc2 Reb6 33. Rxa2 Bxa2 34. Bc3 Bc4 35. Rg3 Rf1 36. Rg7+ Kh8 37. Rxf7 Rxf2+ 38. Kc1 Rb3 39. Be1 Re2 40. Bh4 Bd3 41. Bf6+ Kg8 42. Nh6# 1-0


[Site "https://www.chess.com"]

[Event "Titled Tuesday Blitz August 08 Late 2023"]
[White "Kirillov, Dmitry"]
[Black "Zemlyanskii, Ivan"]
[WhiteFideId "34180572"]
[BlackFideId "24249971"]
[WhiteElo "2487"]
[BlackElo "2889"]
[Result "1-0"]
[Round "1"]
[TimeControl "180+1"]
[Date "2023.08.08"]
[WhiteClock "0:00:04"]
[BlackClock "0:00:00"]
[Board "29"]

1. d4 d5 2. c4 e6 3. Nc3 c6 4. e4 Bb4 5. cxd5 exd5 6. e5 Ne7 7. a3 Bxc3+ 8. bxc3 c5 9. Nf3 Nbc6 10. Bd3 Bf5 11. O-O O-O 12. Bg5 Qd7 13. h3 Rac8 14. Re1 h6 15. Bh4 Bxd3 16. Qxd3 Nf5 17. Rac1 Na5 18. Bg3 Qe6 19. Bf4 Nc4 20. a4 Rc6 21. Be3 Rfc8 22. g4 Ne7 23. dxc5 Nxe3 24. Rxe3 Rxc5 25. Nd4 Qg6 26. Qd2 Rc4 27. f4 Qb6 28. f5 Nc6 29. Rd1 Nxd4 30. cxd4 Rc2 31. Qe1 Qb2 32. Qf1 R8c3 33. Rxc3 Rxc3 34. Rd3 1-0


[Site "https://www.chess.com"]

[Event "Titled Tuesday Blitz August 08 Late 2023"]
[White "Tahbaz, Arash"]
[Black "Suvorov, Luca"]
[WhiteFideId "12528846"]
[BlackFideId "12977071"]
[WhiteElo "2885"]
[BlackElo "2486"]
[Result "1-0"]
[Round "1"]
[TimeControl "180+1"]
[Date "2023.08.08"]
[WhiteClock "0:00:28"]
[BlackClock "0:00:00"]
[Board "30"]

1. Nf3 d6 2. d4 g6 3. e4 Bg7 4. Nc3 f6 5. Bc4 Nh6 6. O-O Nf7 7. Qe2 Nc6 8. Rd1 e6 9. h3 O-O 10. Bf4 Kh8 11. Bh2 a6 12. a4 Qe8 13. Re1 Bd7 14. d5 Nce5 15. Nd4 Nd8 16. Bb3 Nef7 17. Qc4 c5 18. dxe6 cxd4 19. exd7 Qxd7 20. Qxd4 f5 21. Qd2 Rc8 22. Rad1 Nc6 23. exf5 Qxf5 24. Be6 Qf6 25. Nd5 Qxb2 26. Rb1 Qd4 27. Qxd4 Nxd4 28. Bxc8 Rxc8 29. Rxb7 Ne5 30. Bxe5 Bxe5 31. f4 Bg7 32. Ree7 Nf5 33. Rec7 Re8 34. g4 Bd4+ 35. Kg2 Re2+ 36. Kf3 Rf2+ 37. Ke4 Re2+ 38. Kd3 1-0


[Site "https://www.chess.com"]

[Event "Titled Tuesday Blitz August 08 Late 2023"]
[White "Molenda, Marcin"]
[Black "Holt, Conrad"]
[WhiteFideId "1173065"]
[BlackFideId "2034387"]
[WhiteElo "2485"]
[BlackElo "2885"]
[Result "0-1"]
[Round "1"]
[TimeControl "180+1"]
[Date "2023.08.08"]
[WhiteClock "0:00:07"]
[BlackClock "0:00:27"]
[Board "31"]

1. e4 e6 2. Nf3 d5 3. d3 c5 4. Nbd2 Nc6 5. g3 Bd6 6. Bg2 Nge7 7. O-O O-O 8. Re1 Qc7 9. h4 Bd7 10. Nf1 d4 11. N1h2 e5 12. h5 b5 13. h6 g6 14. Nh4 c4 15. a3 c3 16. b3 a5 17. Rf1 f6 18. f4 Kh8 19. Ng4 Qc8 20. Nf2 exf4 21. gxf4 Ng8 22. e5 fxe5 23. Ne4 Be7 24. Qe1 Qd8 25. Ng5 exf4 26. Bxc6 Bxc6 27. Ne6 Qd5 28. Nf3 Rf5 29. Bxf4 Bf6 30. Qe2 Re8 31. Rae1 g5 32. Bg3 Rxf3 33. Rxf3 Qxf3 34. Qxf3 Bxf3 0-1


[Site "https://www.chess.com"]

[Event "Titled Tuesday Blitz August 08 Late 2023"]
[White "Aravindh, Chithambaram VR."]
[Black "Biregina"]
[WhiteFideId "5072786"]
[WhiteElo "2880"]
[BlackElo "2484"]
[Result "1-0"]
[Round "1"]
[TimeControl "180+1"]
[Date "2023.08.08"]
[WhiteClock "0:02:16"]
[BlackClock "0:01:27"]
[Board "32"]

1. Nf3 d6 2. d4 Nd7 3. e4 Ngf6 4. e5 dxe5 5. dxe5 Ng4 6. e6 Nde5 7. exf7+ Nxf7 8. Qxd8+ Nxd8 9. Nc3 Nf6 10. Bf4 Ne6 11. Bg3 Bd7 12. O-O-O O-O-O 13. Bc4 Nc5 14. Ne5 Be6 15. Rxd8+ Kxd8 16. Bxe6 Nxe6 17. Nf7+ 1-0


[Site "https://www.chess.com"]

[Event "Titled Tuesday Blitz August 08 Late 2023"]
[White "Mortazavi, Ali"]
[Black "Isanzhulov, Arystan"]
[WhiteFideId "401323"]
[BlackFideId "13711644"]
[WhiteElo "2482"]
[BlackElo "2872"]
[Result "0-1"]
[Round "1"]
[TimeControl "180+1"]
[Date "2023.08.08"]
[WhiteClock "0:00:54"]
[BlackClock "0:01:25"]
[Board "33"]

1. Nf3 a6 2. g3 g6 3. Bg2 Bg7 4. O-O Nf6 5. d3 O-O 6. a4 c5 7. e4 d6 8. e5 dxe5 9. Nxe5 Nbd7 10. Nxd7 Nxd7 11. Nc3 Ne5 12. h3 Nc6 13. Re1 Bd7 14. Bg5 h6 15. Bd2 Rc8 16. Qc1 Kh7 17. h4 b6 18. Ne4 Nd4 19. Ra3 Bg4 20. Re3 Ne2+ 21. Rxe2 Bxe2 22. f3 c4 23. dxc4 Bxc4 24. h5 Qd4+ 25. Nf2 Qxb2 26. Re3 Qxc1+ 27. Bxc1 Bd4 28. Rxe7 Be6 29. hxg6+ Kxg6 30. f4 Bxf2+ 31. Kxf2 Rxc2+ 32. Ke3 Rxc1 33. Rb7 Rc3+ 34. Kd4 Rc4+ 35. Ke5 Rd8 36. Rxb6 Kg7 37. Rxa6 Rc5+ 38. Ke4 Bf5+ 39. Ke3 Rd3+ 40. Kf2 Rc2+ 41. Kg1 Rxg3 0-1


[Site "https://www.chess.com"]

[Event "Titled Tuesday Blitz August 08 Late 2023"]
[White "Perez Ponsa, Federico"]
[Black "Rakitic2010"]
[WhiteFideId "117927"]
[WhiteElo "2866"]
[BlackElo "2482"]
[Result "1-0"]
[Round "1"]
[TimeControl "180+1"]
[Date "2023.08.08"]
[WhiteClock "0:00:04"]
[BlackClock "0:00:05"]
[Board "34"]

1. e4 c5 2. Nf3 e6 3. d4 cxd4 4. Nxd4 a6 5. Nc3 Qc7 6. Bd3 Nf6 7. Qe2 d6 8. f4 Nbd7 9. g4 Nc5 10. g5 Nfd7 11. Bd2 g6 12. f5 Ne5 13. Rc1 b5 14. b4 Na4 15. Nxa4 bxa4 16. O-O Be7 17. f6 Bd8 18. a3 h5 19. gxh6 Qa7 20. Be3 Bb6 21. c3 Bb7 22. Bc2 Rc8 23. Bxa4+ Kf8 24. Bb3 Bxe4 25. Bxe6 Bd3 26. Qf2 Re8 27. Bb3 Kg8 28. Rfe1 Kh7 29. Qg2 Qa8 30. Bd5 Qc8 31. Nc6 Nxc6 32. Bxb6 Ne5 33. c4 Qf5 34. Qf2 Qh5 35. Bg2 Ng4 36. Qg3 Be2 37. Rxe2 Rxe2 38. Bf3 Rxh2 39. Bxg4 Rh1+ 40. Kg2 Rxc1 41. Bxh5 gxh5 42. Qg7# 1-0


[Site "https://www.chess.com"]

[Event "Titled Tuesday Blitz August 08 Late 2023"]
[White "Sadilek, Peter"]
[Black "Henriquez Villagra, Cristobal"]
[WhiteFideId "1616439"]
[BlackFideId "3409350"]
[WhiteElo "2481"]
[BlackElo "2860"]
[Result "0-1"]
[Round "1"]
[TimeControl "180+1"]
[Date "2023.08.08"]
[WhiteClock "0:00:03"]
[BlackClock "0:00:24"]
[Board "35"]

1. Nf3 d6 2. d4 g6 3. e4 a6 4. Bd3 Bg7 5. O-O Nd7 6. Re1 e5 7. Bg5 Ngf6 8. c3 h6 9. Bh4 O-O 10. h3 Qe8 11. Nbd2 Nh5 12. dxe5 g5 13. Bg3 Nxg3 14. fxg3 Nxe5 15. Nxe5 Bxe5 16. Qf3 b5 17. Nf1 Rb8 18. Ne3 b4 19. Rac1 bxc3 20. bxc3 Rb2 21. Bc4 Qc6 22. Rf1 Qe8 23. Nf5 Bxf5 24. Qxf5 Kg7 25. Rf3 c6 26. Rcf1 Rb7 27. Qg4 a5 28. Rf5 f6 29. h4 Re7 30. hxg5 hxg5 31. a4 Qg6 32. Qf3 Qh6 33. Kf2 Rb7 34. Kg1 Rh8 35. Qd3 Rb2 0-1


[Site "https://www.chess.com"]

[Event "Titled Tuesday Blitz August 08 Late 2023"]
[White "Harshavardhan G B"]
[Black "Osmak, Yuliia"]
[WhiteFideId "25059009"]
[BlackFideId "14101602"]
[WhiteElo "2857"]
[BlackElo "2481"]
[Result "1-0"]
[Round "1"]
[TimeControl "180+1"]
[Date "2023.08.08"]
[WhiteClock "0:00:50"]
[BlackClock "0:00:00"]
[Board "36"]

1. e4 e6 2. d4 d5 3. Nc3 Nf6 4. e5 Nfd7 5. Nce2 c5 6. c3 b5 7. f4 b4 8. Nf3 Nc6 9. g3 a5 10. Bh3 g6 11. O-O Ba6 12. Be3 Be7 13. Qd2 Qb6 14. Rf2 Rb8 15. g4 h5 16. f5 Bxe2 17. Qxe2 hxg4 18. fxe6 Rxh3 19. exd7+ Kxd7 20. Ne1 Rbh8 21. Qxg4+ Kd8 22. Nf3 cxd4 23. cxd4 Qb7 24. Ng5 Bxg5 25. Bxg5+ Ke8 26. Bf6 R8h5 27. e6 Qc7 28. exf7+ Qxf7 29. Qc8+ 1-0


[Site "https://www.chess.com"]

[Event "Titled Tuesday Blitz August 08 Late 2023"]
[White "Bochnicka, Vladimir"]
[Black "Salinas Herrera, Pablo"]
[WhiteFideId "14943450"]
[BlackFideId "3407128"]
[WhiteElo "2479"]
[BlackElo "2857"]
[Result "1-0"]
[Round "1"]
[TimeControl "180+1"]
[Date "2023.08.08"]
[WhiteClock "0:00:23"]
[BlackClock "0:01:15"]
[Board "37"]

1. e4 c5 2. Nf3 e6 3. g3 Nc6 4. Bg2 Nf6 5. d3 d5 6. Qe2 Be7 7. O-O O-O 8. e5 Nd7 9. c4 dxc4 10. dxc4 Nd4 11. Nxd4 cxd4 12. Nd2 Qc7 13. Nf3 d3 14. Qxd3 Nxe5 15. Nxe5 Qxe5 16. Bf4 Qxb2 17. Rab1 Qa3 18. Qxa3 Bxa3 19. Bxb7 Bxb7 20. Rxb7 Rfc8 21. Bc7 a5 22. Rd1 Kf8 23. Rd7 Ke8 24. Be5 Rxc4 25. Rxf7 Rc2 26. Rxg7 Bf8 27. Rg8 Rc5 28. Rxf8+ Kxf8 29. Bd6+ Ke8 30. Bxc5 Rc8 31. Be3 Rc2 32. Rxh7 Rxa2 33. h4 a4 34. Ra7 e5 35. h5 a3 36. Bc5 Ra1+ 37. Kg2 a2 38. h6 Rc1 39. h7 1-0


[Site "https://www.chess.com"]

[Event "Titled Tuesday Blitz August 08 Late 2023"]
[White "Ibarra Jerez, Jose Carlos"]
[Black "Gaal, Zsoka"]
[WhiteFideId "2226332"]
[BlackFideId "777765"]
[WhiteElo "2855"]
[BlackElo "2477"]
[Result "1-0"]
[Round "1"]
[TimeControl "180+1"]
[Date "2023.08.08"]
[WhiteClock "0:00:06"]
[BlackClock "0:00:00"]
[Board "38"]

1. e4 e5 2. Nf3 d6 3. d4 exd4 4. Nxd4 Nf6 5. Nc3 g6 6. Be3 Ng4 7. Bf4 Bg7 8. Qd2 Nc6 9. Nb3 Be6 10. f3 Nge5 11. O-O-O a5 12. Bg5 Qd7 13. Nd5 a4 14. Nd4 Bxd5 15. exd5 Nxd4 16. Qxd4 O-O 17. Qb4 a3 18. b3 Qf5 19. h4 h6 20. Be3 Nd7 21. Bd4 Qf4+ 22. Kb1 c5 23. dxc6 bxc6 24. Bc3 Qxb4 25. Bxb4 c5 26. Be1 Rfe8 27. Bb5 Red8 28. Rxd6 Nb6 29. Rxd8+ Rxd8 30. Ba5 Rd6 31. c4 Nd7 32. Kc2 Ne5 33. Rd1 Re6 34. Re1 Bf6 35. f4 Nf3 36. gxf3 Bxh4 37. Rxe6 fxe6 38. Kd3 Bf2 39. Bc3 h5 40. Ke2 Bg1 41. Kf1 Be3 42. Be5 h4 43. Kg2 Kf7 44. Kh3 Bf2 45. Bc6 Bg3 46. Kg4 g5 47. Bd6 gxf4 48. Bxc5 Kf6 49. Bxa3 e5 50. Bb2 Bf2 51. Be4 Bd4 52. Bxd4 exd4 53. Kxh4 1-0


[Site "https://www.chess.com"]

[Event "Titled Tuesday Blitz August 08 Late 2023"]
[White "Cheng, Xiao"]
[Black "Donchenko, Alexander"]
[WhiteFideId "2022915"]
[BlackFideId "24603295"]
[WhiteElo "2477"]
[BlackElo "2844"]
[Result "0-1"]
[Round "1"]
[TimeControl "180+1"]
[Date "2023.08.08"]
[WhiteClock "0:02:02"]
[BlackClock "0:01:54"]
[Board "39"]

1. e4 c6 2. d4 d5 3. e5 Bf5 4. h4 h5 5. Bd3 Bxd3 6. Qxd3 Qa5+ 7. Bd2 Qa6 8. Qxa6 Nxa6 9. Ne2 e6 10. Nf4 Ne7 11. a3 Nf5 12. c3 Be7 13. g3 c5 14. dxc5 Nxc5 15. Ke2 Nb3 16. Ra2 Kd7 17. Be1 Nc1+ 18. Kd1 Nxa2 19. Kc2 Rac8 20. Nd2 b5 21. Nb3 b4 22. Kb1 Nxc3+ 23. bxc3 bxc3 24. Kc2 Bxa3 25. Ne2 Rc4 26. Bxc3 Bb4 27. Kd3 Bxc3 28. Nxc3 Rhc8 29. Ne2 Rb4 30. Nd2 a5 31. Ra1 a4 32. Nc3 Ke7 33. Rxa4 Rxc3+ 34. Kxc3 Rxa4 0-1


[Site "https://www.chess.com"]

[Event "Titled Tuesday Blitz August 08 Late 2023"]
[White "Rasulov, Vugar"]
[Black "Garrido Outon, Alex"]
[WhiteFideId "13402390"]
[BlackFideId "24516279"]
[WhiteElo "2844"]
[BlackElo "2473"]
[Result "1-0"]
[Round "1"]
[TimeControl "180+1"]
[Date "2023.08.08"]
[WhiteClock "0:01:19"]
[BlackClock "0:00:23"]
[Board "40"]

1. e4 c6 2. d4 g6 3. Nc3 d5 4. Nf3 dxe4 5. Nxe4 Nf6 6. Nxf6+ exf6 7. Bc4 Bg7 8. Qe2+ Qe7 9. Qxe7+ Kxe7 10. Bf4 Be6 11. Bb3 Rd8 12. O-O-O Na6 13. c3 Kf8 14. Rhe1 Re8 15. Nd2 g5 16. Bg3 f5 17. Bd6+ Kg8 18. Nc4 f4 19. Na5 Rad8 20. Nxb7 Rd7 21. Nc5 Rxd6 22. Nxa6 Rf8 23. Nc5 Bc8 24. Re7 a5 25. Rde1 Bf6 26. Rxf7 Rxf7 27. Re8+ Kg7 28. Bxf7 Kxf7 29. Rxc8 g4 30. Kd2 h5 31. Ne4 Re6 32. f3 gxf3 33. gxf3 Be7 34. c4 Rg6 35. Kd3 Rg1 36. Rxc6 Rd1+ 37. Ke2 Rxd4 38. b3 Rd8 39. Ra6 Rg8 40. Rxa5 h4 41. Kf1 h3 42. Rh5 Kg6 43. Rxh3 Rb8 44. Nc3 Bf6 45. Nd5 Bg5 46. Ke2 Ra8 47. Kd3 Rxa2 48. c5 Ra8 49. b4 1-0


[Site "https://www.chess.com"]

[Event "Titled Tuesday Blitz August 08 Late 2023"]
[White "JERO-8914"]
[Black "Ozen, Deniz"]
[BlackFideId "6349196"]
[WhiteElo "2470"]
[BlackElo "2843"]
[Result "0-1"]
[Round "1"]
[TimeControl "180+1"]
[Date "2023.08.08"]
[WhiteClock "0:00:31"]
[BlackClock "0:00:25"]
[Board "41"]

1. e4 e5 2. Nf3 Nf6 3. Nxe5 d5 4. exd5 Qxd5 5. d4 Nc6 6. Nxc6 Qxc6 7. Nc3 Bb4 8. Bd2 O-O 9. Ne2 Bxd2+ 10. Qxd2 Re8 11. O-O-O Ne4 12. Qf4 Be6 13. Ng3 Nxg3 14. hxg3 Bc4 15. d5 Bxd5 16. Bd3 Be4 17. Bxe4 Rxe4 18. Qf5 h6 19. Rd7 Rf8 20. Rhd1 Ree8 21. Qd5 Qb6 22. Qd4 Qa6 23. Kb1 c6 24. Qd3 Qxd3 25. R1xd3 Re1+ 26. Rd1 Rxd1+ 27. Rxd1 Re8 28. Kc1 Re7 29. Rd8+ Kh7 30. Kd2 Kg6 31. Ra8 a6 32. Rd8 h5 33. Rd4 Kg5 34. Rf4 f5 35. Rd4 g6 36. b3 Kf6 37. Rd6+ Re6 38. Rd7 Re7 39. Rd6+ Kg5 40. a4 Rg7 41. Ke3 Re7+ 42. Kf3 Kh6 43. Kf4 Re2 44. Rd7 Rxf2+ 45. Ke3 Rxg2 46. Rxb7 Rxg3+ 47. Kf2 Rc3 48. Rb6 a5 49. Ra6 Rxc2+ 50. Kg3 Rc3+ 51. Kf2 Rxb3 52. Rxc6 Rb4 0-1


[Site "https://www.chess.com"]

[Event "Titled Tuesday Blitz August 08 Late 2023"]
[White "Kravtsiv, Martyn"]
[Black "Itkis, Boris"]
[WhiteFideId "14113147"]
[BlackFideId "1209167"]
[WhiteElo "2842"]
[BlackElo "2469"]
[Result "1-0"]
[Round "1"]
[TimeControl "180+1"]
[Date "2023.08.08"]
[WhiteClock "0:02:52"]
[BlackClock "0:01:42"]
[Board "42"]

1. e4 e6 2. d4 d5 3. e5 c5 4. c3 Nc6 5. Nf3 Qb6 6. Be2 cxd4 7. cxd4 Nh6 8. Bxh6 Qxb2 9. O-O Qxa1 10. Qb3 Nxd4 11. Nxd4 Qxd4 12. Bb5+ Kd8 13. Bg5+ Be7 14. Bxe7+ Kxe7 15. Qa3+ 1-0


[Site "https://www.chess.com"]

[Event "Titled Tuesday Blitz August 08 Late 2023"]
[White "Delorme, Axel"]
[Black "Rustemov, Alexander"]
[WhiteFideId "632023"]
[BlackFideId "4119002"]
[WhiteElo "2468"]
[BlackElo "2837"]
[Result "0-1"]
[Round "1"]
[TimeControl "180+1"]
[Date "2023.08.08"]
[WhiteClock "0:00:03"]
[BlackClock "0:00:21"]
[Board "43"]

1. e4 e6 2. d4 d5 3. Nc3 dxe4 4. Nxe4 Bd7 5. Nf3 Bc6 6. Bd3 Nd7 7. Qe2 Ngf6 8. Nxf6+ Nxf6 9. Bg5 Bxf3 10. Qxf3 Qd5 11. Qxd5 Nxd5 12. c3 Be7 13. Bd2 Rd8 14. O-O-O c6 15. Rhe1 O-O 16. f4 g6 17. a3 Bf6 18. Kc2 h5 19. g3 Kg7 20. Be4 Rd7 21. Bc1 Rfd8 22. Rd3 b5 23. b3 a5 24. Red1 Ne7 25. a4 b4 26. Bb2 Nd5 27. c4 Ne7 28. R1d2 Kf8 29. Rd1 Rd6 30. R1d2 Ke8 31. Rd1 Rc8 32. R1d2 Kd8 33. Kd1 Kc7 34. Kc2 Rcd8 35. Rd1 Nf5 36. Bxf5 gxf5 37. R1d2 h4 38. Rd1 h3 39. R1d2 Kb7 40. Rd1 R6d7 41. R1d2 Be7 42. Rd1 Bd6 43. d5 exd5 44. cxd5 c5 45. Bf6 Rc8 46. Re3 c4 47. bxc4 Rxc4+ 48. Kb3 Rdc7 49. Re8 Re4 50. Rxe4 fxe4 51. Re1 Kb6 52. Rxe4 Kc5 53. Be5 Bxe5 54. Rxe5 Kd6 55. Rh5 Rc3+ 56. Kb2 Ra3 57. Rxh3 Rxa4 58. Rh5 Ra3 59. Rh6+ Kxd5 60. g4 Rf3 61. f5 a4 62. Rb6 Rf2+ 63. Kc1 Kc4 64. h4 a3 65. h5 a2 66. Ra6 b3 67. h6 b2+ 0-1


[Site "https://www.chess.com"]

[Event "Titled Tuesday Blitz August 08 Late 2023"]
[White "Gadimbayli, Abdulla"]
[Black "Arnold, Ken"]
[WhiteFideId "13404938"]
[BlackFideId "2056836"]
[WhiteElo "2836"]
[BlackElo "2467"]
[Result "1-0"]
[Round "1"]
[TimeControl "180+1"]
[Date "2023.08.08"]
[WhiteClock "0:00:19"]
[BlackClock "0:00:05"]
[Board "44"]

1. e4 c6 2. Nf3 d5 3. exd5 cxd5 4. Ne5 Nf6 5. d4 e6 6. c3 Nc6 7. Nd2 Nxe5 8. dxe5 Nd7 9. Nf3 Bc5 10. Bd3 h6 11. O-O Qc7 12. Qe2 a6 13. Bf4 b5 14. a4 bxa4 15. Rxa4 Nb6 16. Raa1 Nc4 17. b3 Nb6 18. h4 Bb7 19. Nd4 Bxd4 20. cxd4 a5 21. Bb5+ Nd7 22. Rfc1 Qd8 23. Qg4 g6 24. Rc3 h5 25. Qf3 Rc8 26. Rac1 Rxc3 27. Rxc3 O-O 28. Bg5 f6 29. Bh6 Rf7 30. Bxd7 Qxd7 31. exf6 e5 32. Bg5 exd4 33. Rc1 Qe6 34. Qf4 d3 35. Qd2 d4 36. Qxd3 Qd5 37. Qxg6+ Kf8 38. Bh6+ Ke8 39. Re1+ Kd7 40. f3 d3 41. Bd2 Qd4+ 42. Re3 Qxf6 43. Rxd3+ Kc8 44. Qxh5 Qa1+ 45. Kh2 Rd7 46. Qe8+ 1-0


[Site "https://www.chess.com"]

[Event "Titled Tuesday Blitz August 08 Late 2023"]
[White "Garakov, Mikhael"]
[Black "Mitrabha, Guha"]
[WhiteFideId "4169034"]
[BlackFideId "5057000"]
[WhiteElo "2467"]
[BlackElo "2833"]
[Result "0-1"]
[Round "1"]
[TimeControl "180+1"]
[Date "2023.08.08"]
[WhiteClock "0:00:07"]
[BlackClock "0:02:28"]
[Board "45"]

1. e4 c6 2. d4 d5 3. exd5 cxd5 4. Bd3 Nc6 5. c3 Nf6 6. h3 g6 7. Nf3 Bf5 8. Be2 Qc7 9. O-O e6 10. Re1 Bd6 11. Na3 a6 12. Nc2 h5 13. Ne3 Ne4 14. Nd2 Bh2+ 15. Kf1 Nxf2 16. Kxf2 Qg3+ 17. Kf1 Bxh3 18. Bf3 Bf5 19. Qe2 O-O-O 20. Nb3 h4 21. Nc5 h3 22. Nxf5 gxf5 23. Qf2 Qc7 24. gxh3 Bg3 25. Qg2 Bxe1 26. Kxe1 Rdg8 27. Qf1 Qg3+ 28. Ke2 Rxh3 29. Be3 f4 30. Bf2 Qxf3+ 0-1


[Site "https://www.chess.com"]

[Event "Titled Tuesday Blitz August 08 Late 2023"]
[White "Pakleza, Zbigniew"]
[Black "Zeman, Matyas"]
[WhiteFideId "1119290"]
[BlackFideId "364398"]
[WhiteElo "2830"]
[BlackElo "2466"]
[Result "1-0"]
[Round "1"]
[TimeControl "180+1"]
[Date "2023.08.08"]
[WhiteClock "0:01:01"]
[BlackClock "0:00:00"]
[Board "46"]

1. d4 Nf6 2. Nf3 e6 3. Bf4 d5 4. e3 Bd6 5. Bg3 O-O 6. Nbd2 c5 7. c3 Nc6 8. Bd3 Qe7 9. Ne5 Nd7 10. Nxd7 Qxd7 11. Qh5 g6 12. Qh6 e5 13. Nf3 f6 14. dxe5 Nxe5 15. Nxe5 Bxe5 16. O-O-O Qg7 17. Qxg7+ Kxg7 18. Be2 Be6 19. f4 Bc7 20. Bf3 Rfd8 21. f5 Bxg3 22. fxe6 Bf2 23. Bxd5 Bxe3+ 24. Kc2 Rab8 25. Bxb7 Rxd1 26. Rxd1 f5 27. Rd7+ Kf6 28. Bd5 Bg5 29. Rxa7 Re8 30. Rxh7 Re7 31. Rxe7 Kxe7 32. b4 cxb4 33. cxb4 Bf4 34. h3 Bb8 35. a4 Kd6 36. Bc4 Bc7 37. a5 g5 38. Kb3 g4 39. hxg4 fxg4 40. Ka4 g3 41. b5 Ke7 42. b6 1-0


[Site "https://www.chess.com"]

[Event "Titled Tuesday Blitz August 08 Late 2023"]
[White "Yedidia, Daniel"]
[Black "Talibov, Shiroghlan"]
[WhiteFideId "30905907"]
[BlackFideId "13429078"]
[WhiteElo "2464"]
[BlackElo "2824"]
[Result "0-1"]
[Round "1"]
[TimeControl "180+1"]
[Date "2023.08.08"]
[WhiteClock "0:00:05"]
[BlackClock "0:00:38"]
[Board "47"]

1. d4 Nf6 2. c4 e6 3. Nc3 Nc6 4. Nf3 Bb4 5. Bg5 h6 6. Bh4 g5 7. Bg3 Ne4 8. Qc2 d5 9. e3 h5 10. Ne5 Nxe5 11. Bxe5 f6 12. f3 fxe5 13. fxe4 exd4 14. exd4 dxc4 15. O-O-O Bd7 16. Bxc4 Qe7 17. Qb3 O-O-O 18. Rhf1 Rhf8 19. Kb1 Kb8 20. a3 Ba5 21. e5 Bb6 22. Rxf8 Rxf8 23. Ne4 Bc6 24. Nf6 Bxg2 25. Bxe6 Rxf6 26. exf6 Qxf6 27. Bh3 Be4+ 28. Ka1 a5 29. d5 Ka7 30. Be6 Qf2 31. d6 Bc2 32. Qd5 c6 33. Qd2 Bxd1 34. Qxd1 Qxh2 35. d7 Qe5 36. Bh3 g4 37. d8=Q Bxd8 38. Qxd8 gxh3 39. Qh4 h2 40. Ka2 Qd5+ 0-1


[Site "https://www.chess.com"]

[Event "Titled Tuesday Blitz August 08 Late 2023"]
[White "Asadli, Vugar"]
[Black "Prithu Gupta"]
[WhiteFideId "13405764"]
[BlackFideId "46618546"]
[WhiteElo "2817"]
[BlackElo "2464"]
[Result "1-0"]
[Round "1"]
[TimeControl "180+1"]
[Date "2023.08.08"]
[WhiteClock "0:02:00"]
[BlackClock "0:01:20"]
[Board "48"]

1. e4 e5 2. Nf3 Nc6 3. Bb5 d6 4. O-O g6 5. d4 Bd7 6. Bxc6 Bxc6 7. dxe5 Bxe4 8. Re1 d5 9. Nc3 Bxf3 10. Qxf3 c6 11. e6 f5 12. g4 Bd6 13. gxf5 gxf5 14. Qh5+ 1-0


[Site "https://www.chess.com"]

[Event "Titled Tuesday Blitz August 08 Late 2023"]
[White "Salazar Farias, Luis German"]
[Black "Ashraf, Artin"]
[WhiteFideId "3902170"]
[BlackFideId "22514805"]
[WhiteElo "2464"]
[BlackElo "2817"]
[Result "0-1"]
[Round "1"]
[TimeControl "180+1"]
[Date "2023.08.08"]
[WhiteClock "0:00:00"]
[BlackClock "0:01:20"]
[Board "49"]

1. d4 g6 2. e4 Bg7 3. Nc3 d6 4. f4 a6 5. Nf3 b5 6. Bd3 Bb7 7. a4 b4 8. Ne2 Nf6 9. e5 Nd5 10. O-O Nd7 11. c4 bxc3 12. bxc3 c5 13. c4 Nb4 14. exd6 cxd4 15. Ba3 a5 16. Bxb4 axb4 17. c5 O-O 18. Rc1 Rc8 19. Bb5 Nxc5 20. Nexd4 Qxd6 0-1


[Site "https://www.chess.com"]

[Event "Titled Tuesday Blitz August 08 Late 2023"]
[White "Bazeev, German"]
[Black "Guerrero Vargas, Andres Jesus"]
[WhiteFideId "24119350"]
[BlackFideId "3902048"]
[WhiteElo "2812"]
[BlackElo "2463"]
[Result "1-0"]
[Round "1"]
[TimeControl "180+1"]
[Date "2023.08.08"]
[WhiteClock "0:00:33"]
[BlackClock "0:00:02"]
[Board "50"]

1. c4 e5 2. Nc3 Nf6 3. Nf3 e4 4. Nd4 Nc6 5. Nxc6 dxc6 6. e3 Bf5 7. Qb3 Rb8 8. Qc2 Bd6 9. h3 h5 10. b3 Qe7 11. Bb2 h4 12. O-O-O Ba3 13. f4 Bxb2+ 14. Kxb2 Nh5 15. d4 Ng3 16. Rg1 Bg6 17. Qd2 Bh5 18. Rc1 f5 19. c5 b6 20. Ne2 Nxf1 21. Rgxf1 O-O 22. Rg1 Rfd8 23. g4 Bg6 24. Qe1 Qf6 25. gxf5 Bxf5 26. Rg5 bxc5 27. Rxc5 Rd5 28. Rxd5 cxd5 29. Nc3 c5 30. Nxd5 1-0


[Site "https://www.chess.com"]

[Event "Titled Tuesday Blitz August 08 Late 2023"]
[White "Cheer_Down"]
[Black "Lysyj, Igor"]
[BlackFideId "4150120"]
[WhiteElo "2462"]
[BlackElo "2807"]
[Result "0-1"]
[Round "1"]
[TimeControl "180+1"]
[Date "2023.08.08"]
[WhiteClock "0:00:58"]
[BlackClock "0:01:57"]
[Board "51"]

1. e4 e5 2. Nf3 Nc6 3. Bc4 Bc5 4. c3 Nf6 5. d3 d6 6. O-O a5 7. Re1 h6 8. Nbd2 O-O 9. Nf1 a4 10. a3 Be6 11. Bb5 Bb3 12. Qe2 Na7 13. Bc4 Bxc4 14. dxc4 Nc6 15. h3 Na5 16. Ng3 Nb3 17. Rb1 Nxc1 18. Rbxc1 g6 19. Qd3 Nh7 20. Nd2 Qh4 21. Nf3 Qxg3 0-1


[Site "https://www.chess.com"]

[Event "Titled Tuesday Blitz August 08 Late 2023"]
[White "Troff, Kayden"]
[Black "ChessSG1"]
[WhiteFideId "2047896"]
[WhiteElo "2807"]
[BlackElo "2462"]
[Result "1-0"]
[Round "1"]
[TimeControl "180+1"]
[Date "2023.08.08"]
[WhiteClock "0:00:40"]
[BlackClock "0:00:00"]
[Board "52"]

1. d4 d5 2. Nf3 Nf6 3. Bf4 c5 4. e3 Nc6 5. Nc3 a6 6. dxc5 e6 7. Na4 Bxc5 8. Nxc5 Qa5+ 9. c3 Qxc5 10. Bd3 O-O 11. O-O Qe7 12. Ne5 h6 13. Bc2 Nxe5 14. Bxe5 Nd7 15. Bg3 Qf6 16. e4 dxe4 17. Bxe4 Nc5 18. Bf3 Rd8 19. Qe2 Bd7 20. Rfd1 Bb5 21. c4 Be8 22. Bd6 Na4 23. Bxb7 Ra7 24. Be5 Rxd1+ 25. Rxd1 Qe7 26. Bf3 Rd7 27. b3 Nc5 28. g3 f6 29. Bb2 Qd8 30. Ba3 Rxd1+ 31. Qxd1 Qxd1+ 32. Bxd1 Nd3 33. Bc2 Ne5 34. Be4 f5 35. Bb7 1-0


[Site "https://www.chess.com"]